FCL
FCL COLORADO ROCKIES @ FCL BOSTON RED SOX
05/19/2042
 
TOP OF THE 1ST
FCL Colorado Rockies batting - Pitching for FCL Boston Red Sox : RHP Johnny Martin
Pitching: RHP Johnny Martin
Batting: RHB Kevyn Miller 0-0: Ball
1-0: Foul Ball, location: 2F
1-1: SINGLE (Flyball, 8LS, EV 93.1 MPH)
Batting: LHB Steve Glasper 0-0: Ball
1-0: Sac Bunt to 2R - play at first, batter OUT! 2-3
Kevyn Miller to second
Batting: LHB Bob Blanco 0-0: Foul Ball, location: 2F
0-1: Ball
Wild Pitch!
Kevyn Miller to third
1-1: Called Strike
1-2: Ground out 4-3 (Groundball, 4, EV 81.9 MPH)
Kevyn Miller scores
Batting: RHB Anastasio Parra 0-0: Ball
1-0: Called Strike
1-1: Called Strike
1-2: Strikes out swinging
Top of the 1st over - 1 run, 1 hit, 0 errors, 0 left on base; FCL Colorado 1 - FCL Boston 0
BOTTOM OF THE 1ST
FCL Boston Red Sox batting - Pitching for FCL Colorado Rockies : RHP Jim Unknown
Pitching: RHP Jim Unknown
Batting: RHB Luis Martínez 0-0: Fly out, F9 (Flyball, 9S, EV 91.9 MPH)
Batting: LHB Mike Moneur 0-0: Ball
1-0: Ball
2-0: Ball
3-0: Called Strike
3-1: Called Strike
3-2: Base on Balls
Batting: RHB Ken Cotero 0-0: Ball
1-0: SINGLE (Line Drive, 6D, EV 93.8 MPH)
Mike Moneur to second
Batting: RHB Tim Williams 0-0: Fly out, F8 (Flyball, 8RD, EV 101.3 MPH)
Batting: RHB Robbie Moore 0-0: Ball
1-0: Ball
2-0: Fly out, F4 (Popup, 34, EV 73.1 MPH)
Bottom of the 1st over - 0 runs, 1 hit, 0 errors, 2 left on base; FCL Colorado 1 - FCL Boston 0
TOP OF THE 2ND
FCL Colorado Rockies batting - Pitching for FCL Boston Red Sox : RHP Johnny Martin
Batting: LHB Juan Cuestas 0-0: Called Strike
0-1: Foul Ball, location: 2F
0-2: Foul Ball, location: 3F
0-2: Ball
1-2: Strikes out swinging
Batting: SHB Desi Hinojosa 0-0: Foul Ball, location: 2F
0-1: Foul Ball, location: 2F
0-2: Strikes out swinging
Batting: RHB Octávio Acevedo 0-0: Foul Ball, location: 2F
0-1: Swinging Strike
0-2: Strikes out swinging
Top of the 2nd over - 0 runs, 0 hits, 0 errors, 0 left on base; FCL Colorado 1 - FCL Boston 0
BOTTOM OF THE 2ND
FCL Boston Red Sox batting - Pitching for FCL Colorado Rockies : RHP Jim Unknown
Batting: SHB José Rodríguez 0-0: Ball
1-0: Fly out, F8 (Flyball, 8LM, EV 76.9 MPH)
Batting: RHB Luz Negrón 0-0: Swinging Strike
0-1: Ball
1-1: Called Strike
1-2: Strikes out swinging
Batting: RHB Miguel Angel Vázquez 0-0: Called Strike
0-1: Ball
1-1: Ball
2-1: Ball
3-1: Swinging Strike
3-2: Strikes out swinging
Bottom of the 2nd over - 0 runs, 0 hits, 0 errors, 0 left on base; FCL Colorado 1 - FCL Boston 0
TOP OF THE 3RD
FCL Colorado Rockies batting - Pitching for FCL Boston Red Sox : RHP Johnny Martin
Batting: LHB Eric Boone 0-0: Ball
1-0: Called Strike
1-1: Ball
2-1: Called Strike
2-2: Strikes out swinging
Batting: SHB Jesús Ramírez 0-0: Ball
1-0: Fly out, F4 (Line Drive, 4M, EV 65.6 MPH)
Batting: RHB Kevyn Miller 0-0: Ball
1-0: Fly out, F9 (Flyball, 9D, EV 89.4 MPH)
Top of the 3rd over - 0 runs, 0 hits, 0 errors, 0 left on base; FCL Colorado 1 - FCL Boston 0
BOTTOM OF THE 3RD
FCL Boston Red Sox batting - Pitching for FCL Colorado Rockies : RHP Jim Unknown
Batting: RHB Jorge Ramírez 0-0: Foul Ball, location: 23FF
0-1: Foul Ball, location: 3F
0-2: Ball
1-2: Strikes out swinging
Batting: RHB Luis Martínez 0-0: Called Strike
0-1: Swinging Strike
0-2: Ball
1-2: Strikes out swinging
Batting: LHB Mike Moneur 0-0: Ball
1-0: Called Strike
1-1: Ball
2-1: Swinging Strike
2-2: Ball
3-2: Foul Ball, location: 5F
3-2: Base on Balls
Batting: RHB Ken Cotero 0-0: Foul Ball, location: 2F
0-1: Ball
1-1: Ball
2-1: SINGLE (Flyball, 4MD, EV 95.6 MPH)
Mike Moneur to second
Batting: RHB Tim Williams 0-0: Ball
1-0: Swinging Strike
1-1: Ball
2-1: Called Strike
2-2: Foul Ball, location: 2LF
2-2: Ball
3-2: Base on Balls
Mike Moneur to third
Ken Cotero to second
Batting: RHB Robbie Moore 0-0: Ball
1-0: Ball
2-0: Called Strike
2-1: Swinging Strike
2-2: Strikes out swinging
Bottom of the 3rd over - 0 runs, 1 hit, 0 errors, 3 left on base; FCL Colorado 1 - FCL Boston 0
TOP OF THE 4TH
FCL Colorado Rockies batting - Pitching for FCL Boston Red Sox : RHP Johnny Martin
Batting: LHB Steve Glasper 0-0: Foul Ball, location: 2F
0-1: Ball
1-1: SINGLE (Line Drive, 9S, EV 101.9 MPH)
Batting: LHB Bob Blanco 0-0: Ball
1-0: Swinging Strike
1-1: Ball
2-1: Ball
3-1: Foul Ball, location: 3FF
3-2: Foul Ball, location: 23F
3-2: Base on Balls
Steve Glasper to second
Batting: RHB Anastasio Parra 0-0: Fly out, F3 (Popup, 3F, EV 71.9 MPH)
Batting: LHB Juan Cuestas 0-0: Ball
1-0: Foul Ball, location: 5F
1-1: Swinging Strike
1-2: Ball
2-2: Fly out, F9 (Line Drive, 9S, EV 93.8 MPH)
Batting: SHB Desi Hinojosa 0-0: Ground out 4-3 (Groundball, 4M, EV 89.4 MPH)
Top of the 4th over - 0 runs, 1 hit, 0 errors, 2 left on base; FCL Colorado 1 - FCL Boston 0
BOTTOM OF THE 4TH
FCL Boston Red Sox batting - Pitching for FCL Colorado Rockies : RHP Jim Unknown
Batting: SHB José Rodríguez 0-0: Ball
1-0: Swinging Strike
1-1: Ball
2-1: Called Strike
2-2: Ball
3-2: Strikes out swinging
Batting: RHB Luz Negrón 0-0: Fly out, F9 (Flyball, 89S, EV 81.3 MPH)
Batting: RHB Miguel Angel Vázquez 0-0: Called Strike
0-1: Swinging Strike
0-2: Ball
1-2: Ball
2-2: Foul Ball, location: 2F
2-2: Ball
3-2: Base on Balls
Batting: RHB Jorge Ramírez 0-0: Ball
Miguel Angel Vázquez is caught stealing 2nd base 2-4
Bottom of the 4th over - 0 runs, 0 hits, 0 errors, 0 left on base; FCL Colorado 1 - FCL Boston 0
TOP OF THE 5TH
FCL Colorado Rockies batting - Pitching for FCL Boston Red Sox : RHP Johnny Martin
Batting: RHB Octávio Acevedo 0-0: Foul Ball, location: 2F
0-1: Foul Ball, location: 9LSF
0-2: Ball
1-2: Ball
2-2: DOUBLE (Line Drive, 7LM, EV 108.1 MPH)
Batting: LHB Eric Boone 0-0: Ball
1-0: Called Strike
1-1: Fly out, F8 (Flyball, 8RD, EV 101.9 MPH)
Batting: SHB Jesús Ramírez 0-0: Fly out, F7 (Flyball, 78D, EV 99.4 MPH)
Batting: RHB Kevyn Miller 0-0: Called Strike
0-1: Ball
1-1: Swinging Strike
1-2: Foul Ball, location: 7LMF
1-2: Strikes out swinging
Top of the 5th over - 0 runs, 1 hit, 0 errors, 1 left on base; FCL Colorado 1 - FCL Boston 0
BOTTOM OF THE 5TH
FCL Boston Red Sox batting - Pitching for FCL Colorado Rockies : RHP Jim Unknown
Batting: RHB Jorge Ramírez 0-0: Ground out 5-3 (Groundball, 56, EV 84.4 MPH)
Batting: RHB Luis Martínez 0-0: Foul Ball, location: 23F
0-1: Foul Ball, location: 5FF
0-2: Ball
1-2: Ball
2-2: Fly out, F8 (Line Drive, 8LD, EV 79.4 MPH)
Batting: LHB Mike Moneur 0-0: Swinging Strike
0-1: Swinging Strike
0-2: Ball
1-2: Foul Ball, location: 5FF
1-2: Ball
2-2: Ball
3-2: SINGLE (Line Drive, 7LS, EV 86.9 MPH)
Batting: RHB Ken Cotero 0-0: DOUBLE (Flyball, 78D, EV 95.6 MPH)
Mike Moneur to third
Batting: RHB Tim Williams 0-0: Called Strike
0-1: Ball
1-1: Called Strike
1-2: Foul Ball, location: 2F
1-2: Hit by Pitch
Batting: RHB Robbie Moore 0-0: Ball
1-0: Swinging Strike
1-1: Ball
2-1: Ball
3-1: Base on Balls
Mike Moneur scores
Ken Cotero to third
Tim Williams to second
Batting: SHB José Rodríguez 0-0: Swinging Strike
0-1: Ball
1-1: Ball
2-1: Called Strike
2-2: Ball
3-2: Base on Balls
Ken Cotero scores
Tim Williams to third
Robbie Moore to second
Batting: RHB Luz Negrón 0-0: Ball
1-0: Ball
Wild Pitch!
Tim Williams scores
Robbie Moore to third
José Rodríguez to second
2-0: Ball
3-0: Called Strike
3-1: Base on Balls
Pitching: RHP Jim Unknown
Batting: RHB Miguel Angel Vázquez 0-0: Called Strike
0-1: Ball
1-1: Swinging Strike
1-2: Ball
2-2: Strikes out swinging
Bottom of the 5th over - 3 runs, 2 hits, 0 errors, 3 left on base; FCL Colorado 1 - FCL Boston 3
TOP OF THE 6TH
FCL Colorado Rockies batting - Pitching for FCL Boston Red Sox : RHP Johnny Martin
Batting: LHB Steve Glasper 0-0: Foul Ball, location: 3FF
0-1: Called Strike
0-2: Foul Ball, location: 23FF
0-2: TRIPLE (Line Drive, 89XD, EV 105.0 MPH)
Batting: LHB Bob Blanco 0-0: Ball
1-0: Foul Ball, location: 7LMF
1-1: Foul Ball, location: 2F
1-2: Strikes out swinging
Batting: RHB Anastasio Parra 0-0: Called Strike
0-1: Swinging Strike
0-2: Strikes out looking
Batting: LHB Juan Cuestas 0-0: Called Strike
0-1: Ball
1-1: Swinging Strike
1-2: Foul Ball, location: 23FF
1-2: Foul Ball, location: 9LMF
1-2: Strikes out swinging
Top of the 6th over - 0 runs, 1 hit, 0 errors, 1 left on base; FCL Colorado 1 - FCL Boston 3
BOTTOM OF THE 6TH
FCL Boston Red Sox batting - Pitching for FCL Colorado Rockies : RHP Jim Unknown
Batting: RHB Jorge Ramírez 0-0: Called Strike
0-1: Ball
1-1: Ball
2-1: Foul Ball, location: 5DF
2-2: Fly out, F8 (Flyball, 8RD, EV 109.4 MPH)
Batting: RHB Luis Martínez 0-0: Called Strike
0-1: Swinging Strike
0-2: Strikes out looking
Batting: LHB Mike Moneur 0-0: Called Strike
0-1: Ball
1-1: Called Strike
1-2: SINGLE (Line Drive, 78M, EV 97.5 MPH)
Batting: RHB Ken Cotero 0-0: Called Strike
0-1: Fly out, F4 (Line Drive, 4, EV 69.4 MPH)
Bottom of the 6th over - 0 runs, 1 hit, 0 errors, 1 left on base; FCL Colorado 1 - FCL Boston 3
TOP OF THE 7TH
FCL Colorado Rockies batting - Pitching for FCL Boston Red Sox : RHP Johnny Martin
Pitching: LHP Jim Unknown
Batting: SHB Desi Hinojosa 0-0: Called Strike
0-1: Ball
1-1: Foul Ball, location: 2F
1-2: Ball
2-2: Strikes out looking
Batting: RHB Octávio Acevedo 0-0: Ball
1-0: Foul Ball, location: 9LDF
1-1: Swinging Strike
1-2: Strikes out swinging
Batting: LHB Eric Boone 0-0: Ball
1-0: Called Strike
1-1: Foul Ball, location: 7LDF
1-2: Foul Ball, location: 7LDF
1-2: Strikes out swinging
Top of the 7th over - 0 runs, 0 hits, 0 errors, 0 left on base; FCL Colorado 1 - FCL Boston 3
BOTTOM OF THE 7TH
FCL Boston Red Sox batting - Pitching for FCL Colorado Rockies : RHP Jim Unknown
Batting: RHB Tim Williams 0-0: Called Strike
0-1: Fly out, F7 (Flyball, 7, EV 93.8 MPH)
Batting: RHB Robbie Moore 0-0: Fly out, F9 (Flyball, 89M, EV 88.1 MPH)
Batting: SHB José Rodríguez 0-0: Called Strike
0-1: Ball
1-1: Called Strike
1-2: Strikes out swinging
Bottom of the 7th over - 0 runs, 0 hits, 0 errors, 0 left on base; FCL Colorado 1 - FCL Boston 3
TOP OF THE 8TH
FCL Colorado Rockies batting - Pitching for FCL Boston Red Sox : LHP Jim Unknown
Now at 1B: Mike Moneur
Now in RF: Joaquín Segura
Batting: SHB Jesús Ramírez 0-0: Ball
1-0: Foul Ball, location: 2F
1-1: Ball
2-1: Ground out 6-3 (Groundball, 6, EV 103.1 MPH)
Batting: RHB Kevyn Miller 0-0: Called Strike
0-1: Swinging Strike
0-2: Foul Ball, location: 9LDF
0-2: Ball
1-2: Strikes out swinging
Batting: LHB Steve Glasper 0-0: Ball
1-0: Foul Ball, location: 2F
1-1: Foul Ball, location: 5FF
1-2: Ball
2-2: Ball
3-2: Base on Balls
Batting: LHB Bob Blanco 0-0: DOUBLE (Line Drive, 78D, EV 91.9 MPH)
Steve Glasper to third
Runner from 3rd tries for Home, SAFE, no throw by CF
Pinch Hitting: RHB Bob Ladner 0-0: Called Strike
0-1: Swinging Strike
0-2: Strikes out swinging, 2-3 out at first.
Top of the 8th over - 1 run, 1 hit, 0 errors, 1 left on base; FCL Colorado 2 - FCL Boston 3
BOTTOM OF THE 8TH
FCL Boston Red Sox batting - Pitching for FCL Colorado Rockies : RHP Jim Unknown
Now in LF: Bob Blanco
Now in CF: Bob Ladner
Now in RF: Kevyn Miller
Batting: RHB Luz Negrón 0-0: Ball
1-0: Called Strike
1-1: Called Strike
1-2: SINGLE (Line Drive, 7LS, EV 105.0 MPH)
Batting: SHB Dave Shirley 0-0: Sac Bunt to 3S - play at first, batter OUT! 3-1
Luz Negrón to second
Batting: RHB Jorge Ramírez 0-0: Foul Ball, location: 7LSF
0-1: Ball
1-1: Called Strike
1-2: Strikes out swinging
Batting: RHB Luis Martínez 0-0: Foul Ball, location: 9LDF
0-1: Ground out 5-3 (Groundball, 5, EV 82.5 MPH)
Bottom of the 8th over - 0 runs, 1 hit, 0 errors, 1 left on base; FCL Colorado 2 - FCL Boston 3
TOP OF THE 9TH
FCL Colorado Rockies batting - Pitching for FCL Boston Red Sox : LHP Jim Unknown
Pinch Hitting: RHB Dave Wilcox 0-0: Ball
1-0: Called Strike
1-1: Ball
2-1: Ball
3-1: Foul Ball, location: 2F
3-2: Base on Balls
Pinch Hitting: SHB Héctor Castillo 0-0: Sac Bunt to 2R - play at first, batter OUT! 2-3
Dave Wilcox to second
Batting: RHB Octávio Acevedo 0-0: Foul Ball, location: 3FF
0-1: Fly out, F9 (Line Drive, 89M, EV 98.8 MPH)
Pinch Hitting: RHB Jim Unknown 0-0: Called Strike
0-1: Hit by Pitch
Pinch Hitting: RHB Jim Unknown 0-0: Ball
1-0: Swinging Strike
1-1: Ball
2-1: Ball
3-1: Base on Balls
Dave Wilcox to third
Jim Unknown to second
Batting: RHB Kevyn Miller 0-0: Ball
1-0: Ball
2-0: Ball
3-0: Base on Balls
Dave Wilcox scores
Jim Unknown to third
Jim Unknown to second
Batting: LHB Steve Glasper 0-0: Ball
1-0: Ball
2-0: Called Strike
2-1: Ball
3-1: Foul Ball, location: 23F
3-2: Foul Ball, location: 9LDF
3-2: Foul Ball, location: 3SF
3-2: Strikes out looking
Top of the 9th over - 1 run, 0 hits, 0 errors, 3 left on base; FCL Colorado 3 - FCL Boston 3
BOTTOM OF THE 9TH
FCL Boston Red Sox batting - Pitching for FCL Colorado Rockies : RHP Jim Unknown
Now at C: Dave Wilcox
Now at 1B: Jim Unknown
Now at 2B: Jim Unknown
Now at SS: Jim Unknown
Batting: LHB Mike Moneur 0-0: Swinging Strike
0-1: Ball
1-1: Foul Ball, location: 2F
1-2: SINGLE (Groundball, 4MD, EV 96.3 MPH)
Batting: LHB Joaquín Segura 0-0: Ball
Wild Pitch!
Mike Moneur to second
1-0: Ball
2-0: Called Strike
2-1: Ball
3-1: Called Strike
3-2: Strikes out swinging
Batting: RHB Tim Williams 0-0: Ball
Mike Moneur steals 3rd base
1-0: Called Strike
1-1: Called Strike
1-2: SINGLE (Line Drive, 34D, EV 101.9 MPH)
Mike Moneur scores
Bottom of the 9th over - 1 run, 2 hits, 0 errors, 1 left on base; FCL Colorado 3 - FCL Boston 4
Monday, May 6th , 2024 - OOTP Baseball 24.10 Build 82